 Dungeon Crawl Stone Soup version 0.28-a0-1435-g82390b3a13 (webtiles) character file.

Game seed: 13260344780503476691

44 Gargoyl the Skirmisher (level 3, 0/52 HPs)
             Began as a Gnoll Abyssal Knight on Jan 9, 2022.
             Was a Follower of Lugonu.
             Succumbed to a goblin's poison
             ... on level 2 of the Dungeon.
             The game lasted 00:02:34 (1130 turns).

Gargoyl the Skirmisher (Gnoll Abyssal Knight)       Turns: 1130, Time: 00:02:35

Health: 0/52       AC: 21    Str: 14      XL:     3   Next: 60%
Magic:  6/6        EV:  2    Int:  9      God:    Lugonu [*.....]
Gold:   27         SH:  7    Dex: 13 (14) Spells: 3/3 levels left

rFire   . . .      SeeInvis .   a - +1 hand axe
rCold   . . .      Faith    .   i - +0 kite shield
rNeg    . . .      Spirit   .   (armour currently unavailable)
rPois   +          Reflect  .   (helmet currently unavailable)
rElec   .          Harm     .   (cloak currently unavailable)
rCorr   .          Rampage  .   (gloves currently unavailable)
Will    .....      NoTele   +   (boots currently unavailable)
Stlth   +++.......              (no amulet)
HPRegen 0.17/turn               (no ring)
MPRegen 0.10/turn               (no ring)

@: lethally poisoned (0 -> -3), tree-form
A: stationary, stasis, torment immunity, boosted hp, (fangs 1), strong nose,
distributed training, thin skeletal structure 1, deterioration 1
a: Renounce Religion, Depart the Abyss


You were on level 2 of the Dungeon.
You worshipped Lugonu.
Lugonu was aware of your devotion.
You were a tree.
You visited 1 branch of the dungeon, and saw 2 of its levels.
You visited the Abyss 1 time.

You collected 27 gold pieces.

Inventory:

Hand Weapons
 a - a +1 hand axe (weapon)
Armour
 c - a +0 plate armour of fire resistance (melded)
 i - a +0 kite shield (worn)
Scrolls
 d - a scroll of teleportation


   Skills:
 + Level 6.5 Fighting
 + Level 0.9 Short Blades
 + Level 0.9 Long Blades
 + Level 4.5 Axes
 + Level 0.9 Maces & Flails
 + Level 0.9 Polearms
 + Level 0.9 Staves
 + Level 0.9 Slings
 + Level 0.9 Bows
 + Level 0.9 Crossbows
 + Level 0.9 Throwing
 + Level 4.5 Armour
 + Level 2.6 Dodging
 + Level 0.9 Stealth
 + Level 0.9 Shields
 + Level 0.9 Unarmed Combat
 + Level 0.9 Spellcasting
 + Level 0.6 Conjurations
 + Level 0.6 Hexes
 + Level 0.6 Summonings
 + Level 0.6 Necromancy
 + Level 0.6 Translocations
 + Level 0.6 Transmutations
 + Level 0.6 Fire Magic
 + Level 0.6 Ice Magic
 + Level 0.6 Air Magic
 + Level 0.6 Earth Magic
 + Level 0.6 Poison Magic
 + Level 4.6 Invocations
 + Level 0.9 Evocations


You had 3 spell levels left.
You didn't know any spells.
Your spell library contained the following spells:

 Spells                   Type           Power      Damage    Failure   Level
 Confusing Touch          Hex            1%         N/A       96%         3
 Yara's Violent Unravell  Hex/Tmut       0%         3d3       100%        5
 Enfeeble                 Hex            0%         N/A       100%        7


Dungeon Overview and Level Annotations

Branches:
Dungeon (2/15)

Altars:


Innate Abilities, Weirdness & Mutations

You are a tree.
Your roots penetrate the ground, keeping you stationary.
You cannot be teleported.
You are immune to unholy pain and torment.
Your maximum health is greatly increased.
Your equipment is partially melded.
((You have very sharp teeth.))
Your uncanny sense of smell can sniff out nearby items.
Your experience applies equally to all skills.
You have a somewhat thin skeletal structure. (Dex +2, Stealth+)
Your body sometimes deteriorates upon taking damage.


Message History

You are lethally poisoned!
The goblin hits you but does no damage.
You are more poisoned.
It was a potion of heal wounds.
You feel much better.
You feel extremely sick. The goblin hits you but does no damage.
You are more poisoned.
You hit the goblin.
You kill the goblin!
Lugonu accepts your kill.
You feel extremely sick.
It was a potion of lignification.
You turn into a tree.
Your +0 plate armour of fire resistance melds into your body.
You feel less resistant to fire.
Your roots penetrate the ground.
You feel very sick.
Unknown command.
There is a lethal amount of poison in your body!
* * * LOW HITPOINT WARNING * * *
You feel very sick.
* * * LOW HITPOINT WARNING * * *
You feel very sick.
* * * LOW HITPOINT WARNING * * *
You feel very sick.
* * * LOW HITPOINT WARNING * * *
You feel sick.
* * * LOW HITPOINT WARNING * * *
You feel sick.
Unknown command.
* * * LOW HITPOINT WARNING * * *
You feel sick.
Unknown command.
* * * LOW HITPOINT WARNING * * *
You feel sick.
Unknown command.
* * * LOW HITPOINT WARNING * * *
You feel sick.
Unknown command.
You aren't carrying any potions.
Okay, then.
You die...

####.......#.......#...
#.###....#....###..##
####.#########.##.##
##)#.# ###.# ##....#
#.# #.....# #+# ##...##
∆ ##.## #♣# #).....#
#........ #.#...###
#.##.## #.# ## #.# #.#


There were no monsters in sight!

Vanquished Creatures
  A worm (D:2)
  A dart slug (D:1)
  3 bats (D:1)
  5 endoplasms
  3 giant cockroaches (D:1)
  5 goblins
  3 hobgoblins (D:1)
  A kobold (D:2)
  6 ball pythons
  3 frilled lizards (D:2)
  2 rats
33 creatures vanquished.

Vanquished Creatures (others)
  5 demonic plants (D:2)
  5 fungi (D:2)
  3 plants (D:2)
  A withered plant (D:2)
14 creatures vanquished.

Grand Total: 47 creatures vanquished

Notes
Turn   | Place    | Note
-------+----------+-------------------------------------------
     0 | Abyss:1  | Gargoyl the Gnoll Abyssal Knight began the quest for the
                  | Orb.
     0 | Abyss:1  | Reached XP level 1. HP: 23/23 MP: 3/3
     8 | D:1      | Escaped the Abyss
   131 | D:1      | Reached XP level 2. HP: 26/29 MP: 5/5
   135 | D:1      | Reached * piety under Lugonu
   557 | D:1      | Reached XP level 3. HP: 35/35 MP: 6/6
   825 | D:2      | Gained mutation: Your body sometimes deteriorates upon
                  | taking damage. [potion of mutation]
   825 | D:2      | Gained mutation: You have a somewhat thin skeletal
                  | structure. (Dex +2, Stealth+) [potion of mutation]
   993 | D:2      | Found a faded altar of an unknown god.
  1128 | D:2      | HP: 2/52 [poisoned by a goblin]
  1130 | D:2      | Succumbed to a goblin's poison

Illustrated notes

Levels and vault maps discovered:
D:1:      amcnicky_arrival_blooded_trapdoor, layout_rooms, grunt_decor_cap,
          minmay_ruptured
D:2:      layout_loops_corners, shapermc_ecumenical_altar_gd

Action                   || total
-------------------------++-------
Melee: Hand axe          ||   106
       Bite              ||    14
       Punch             ||     1
Invok: Depart the Abyss  ||     1
  Use: Scroll            ||     3
       Potion            ||     3
Armor: Leather armour    ||    34
       Plate armour      ||     4
Dodge: Dodged            ||    69
Block: Kite shield       ||    14

Table legend: (Time is in decaauts)
 A = Elapsed time spent in this place.
 B = Non-inter-level travel time spent in this place.
 C = Inter-level travel time spent in this place.
 D = Time resting spent in this place.
 E = Time spent auto-exploring this place.
 F = Levels seen in this place.
 G = Mean time per level.
                   A        B        C        D        E       F      G
               +--------+--------+--------+--------+--------+-----+--------+
         Total |   1144 |   1117 |     27 |      0 |    766 |   3 |  381.3 |
       Dungeon |   1136 |   1109 |     27 |      0 |    759 |   2 |  568.0 |
         Abyss |      8 |      8 |      0 |      0 |      7 |   1 |    8.0 |
               +--------+--------+--------+--------+--------+-----+--------+

Top non-repeatable levels by time:
     D:1: 809 daAuts
     D:2: 326 daAuts
 Abyss:1: 8 daAuts
